 Dungeon Crawl Stone Soup version 0.25.0-9-g26727b657a (webtiles) character file.

Game seed: 10869961710293326534

5 Esekla the Charmwright (level 1, 14/14 HPs)
             Began as an Octopode Skald on June 19, 2020.
             Got out of the dungeon alive.
             The game lasted 00:01:11 (163 turns).

Esekla the Charmwright (Octopode Skald)              Turns: 163, Time: 00:01:12

Health: 14/14      AC:  1    Str: 10    XL:     1   Next: 80%
Magic:  3/3        EV: 13    Int: 15    God:
Gold:   10         SH:  0    Dex: 11    Spells: 3/4 levels left

rFire    . . .     SeeInvis .   a - +1 falchion
rCold    . . .     Gourm    .   (no shield)
rNeg     . . .     Faith    .   (helmet restricted)
rPois    .         Spirit   .   (no amulet)
rElec    .         Reflect  .   d - -4 ring of slaying (curse)
rCorr    .         Harm     .   (no ring)
MR       .....                  (no ring)
Stlth    ++........             (no ring)
HPRegen  0.04/turn              (no ring)
MPRegen  0.08/turn              (no ring)
                                (no ring)
                                (no ring)

@: no status effects
A: almost no armour, stealthy swim, amphibious, 8 rings, constrict 8, camouflage
1, gelatinous body 1
a: no special abilities


You escaped.
You were not hungry.

You visited 1 branch of the dungeon, and saw 1 of its levels.

You collected 10 gold pieces.

Inventory:

Hand Weapons
 a - a +1 falchion (weapon)
Jewellery
 d - a cursed -4 ring of slaying (left tentacle)
Scrolls
 f - a scroll of magic mapping
Potions
 g - a potion of resistance {unknown}
Comestibles
 c - 2 rations


   Skills:
 + Level 2.0 Fighting
 * Level 2.1 Long Blades
 * Level 2.5 Dodging
 + Level 2.1 Spellcasting
 - Level 3.0 Charms


You had 3 spell levels left.
You knew the following spells:

 Your Spells              Type           Power        Failure   Level  Hunger
a - Infusion              Chrm           ##..         6%          1    #......

Your spell library contained the following spells:

 Spells                   Type           Power        Failure   Level  Hunger
 Song of Slaying          Chrm           ##......     10%         2    ###....
 Shroud of Golubria       Chrm/Tloc      #.....       19%         2    ###....
 Ozocubu's Armour         Chrm/Ice       #.......     34%         3    ###....
 Spectral Weapon          Hex/Chrm       #.......     34%         3    ###....


Dungeon Overview and Level Annotations

Branches:
Dungeon (1/15)

Altars:


Innate Abilities, Weirdness & Mutations

You cannot wear most types of armour.
You are very stealthy in the water. (Stealth+)
You are amphibious.
You can wear up to eight rings at the same time.
You can use your tentacles to constrict eight enemies at once.
Your skin changes colour to match your surroundings (Stealth+).
Your rubbery body absorbs attacks. (AC +1, EV +1)


Message History

d - a cursed -4 ring of slaying (left tentacle)
Found a fizzy pink potion.
Found 6 gold pieces.
g - a fizzy pink potion You now have 10 gold pieces (gained 6).
As you read the scroll labeled CYNITA IVOIMOT, it crumbles to dust.
You feel aware of your surroundings.
It was a scroll of magic mapping.
As you read the scroll labeled OKHIDIFROTAG, it crumbles to dust.
You hear a loud clanging noise!
It was a scroll of noise.
You hear a bark! x7; You hear a shout!
As you read the scroll labeled ISHEZO HUMAMP, it crumbles to dust.
It is a scroll of enchant weapon.
Your +0 falchion glows red for a moment.
Unknown command.
There is a staircase leading out of the dungeon here.
Are you sure you want to leave the Dungeon?
This will make you lose the game! [Y]es or [N]o only, please.
Are you sure you want to leave the Dungeon?
This will make you lose the game!
You have escaped!

**,*,#.....# *#^.#*>,* #....##
*,*,#.....# *#...,,* ##.##.#
*,*,#.....# *####.####..##.##
*,*,#†....# #.......##..#
**,*,#.##### ######..###..
*,,*,#...## ##....####.
,,**,#....# ######### #......##..
,***,#....###...8...###.......#..
,* *,##...##..8.@.8..##.....#....
,* *,*#...#8.........8#.....#....
,* *,*#......8..(..8.............
,* #......#8.........8#..........
,* ##.....##..8...8..##..........
,* #.#...###...8...###..........
,* #.#...# ######### #..........
,***#.#..## ##.........
*,,,,,.###* *******###.##....


There were no monsters in sight!

Vanquished Creatures
  A goblin (D:1)
  A hobgoblin (D:1)
  A kobold (D:1)
  A bat (D:1)
  A frilled lizard (D:1)
5 creatures vanquished.

Notes
Turn   | Place    | Note
-------+----------+-------------------------------------------
     0 | D:1      | Esekla the Octopode Skald began the quest for the Orb.
     0 | D:1      | Reached XP level 1. HP: 14/14 MP: 3/3
   163 | D:$      | Got out of the dungeon alive.

Illustrated notes

Levels and vault maps discovered:
D:1:      erik_arrival_orb_chamber, layout_rooms

Action                   || total
-------------------------++-------
Melee: Falchion          ||     6
       Constrict         ||     2
       Tentacles         ||     2
  Use: Scroll            ||     3
 Stab: Sleeping          ||     1
Dodge: Dodged            ||     5
       Rpst.: Falchion   ||     2
